 Dungeon Crawl Stone Soup version 0.22.0-60-ga52c2fc (webtiles) character file.

36978 shmeve the Fighter (level 13, -8/122 HPs)
             Began as a Minotaur Berserker on Sept 9, 2018.
             Was the Champion of Trog.
             Mangled by a caustic shrike skeleton (18 damage)
             ... on level 15 of the Dungeon.
             The game lasted 00:37:06 (13148 turns).

shmeve the Fighter (Minotaur Berserker)            Turns: 13148, Time: 00:37:07

Health: -8/122     AC: 18    Str: 26    XL:     13   Next: 55%
Magic:  12/12      EV: 11    Int:  4    God:    Trog [******]
Gold:   785        SH: 13    Dex: 11    Spells: 12/12 levels left

rFire    . . .     SeeInvis +   B - +3 war axe (vamp)
rCold    + . .     Gourm    .   l - +0 shield
rNeg     . . .     Faith    .   I - +1 plate armour {rC+}
rPois    .         Spirit   .   (helmet unavailable)
rElec    +         Reflect  .   m - +2 cloak
rCorr    +         Harm     .   (no gloves)
MR       .....                  (no boots)
Stlth    ..........             k - amulet of regeneration
HPRegen  0.70/turn              n - ring of see invisible
MPRegen  0.13/turn              y - ring of resist corrosion

@: berserk cooldown, slowed, very slow
A: retaliatory headbutt, horns 3, sense surroundings 1, electricity resistance
a: Berserk, Trog's Hand, Brothers in Arms, Renounce Religion


You were on level 15 of the Dungeon.
You worshipped Trog.
Trog was exalted by your worship.
You were hungry.

You visited 1 branch of the dungeon, and saw 15 of its levels.

You collected 785 gold pieces.

Inventory:

Hand Weapons
 B - a +3 vampiric war axe (weapon)
Missiles
 q - 5 steel javelins
 u - 5 tomahawks of returning (quivered)
 C - 3 poisoned javelins
 G - 3 throwing nets
Armour
 l - a +0 shield (worn)
 m - a +2 cloak (worn)
 I - a +1 plate armour of cold resistance (worn)
Jewellery
 k - an amulet of regeneration (around neck)
 n - a ring of see invisible (left hand)
 y - a ring of resist corrosion (right hand)
 H - an uncursed ring of stealth {unknown}
Wands
 e - a wand of disintegration (12)
 o - a wand of clouds (3)
 w - a wand of digging (13)
Scrolls
 a - 3 scrolls of enchant armour
 b - 6 scrolls of teleportation
 h - 9 scrolls of identify
 i - 4 scrolls of magic mapping
 p - 7 scrolls of remove curse
 r - 2 scrolls of fear
 t - 4 scrolls of fog
Potions
 d - a potion of invisibility
 g - a potion of berserk rage
 j - 3 potions of brilliance
 s - a potion of haste
 v - a potion of cancellation
 x - a potion of degeneration {unknown}
 D - 4 potions of curing
 E - 2 potions of ambrosia {unknown}
 F - 2 potions of flight {unknown}
Comestibles
 c - 30 rations
 f - 15 chunks of flesh


   Skills:
 * Level 13.3 Fighting
 * Level 13.3 Axes
 + Level 7.9 Throwing
 + Level 9.8 Armour
 + Level 9.0 Dodging
 * Level 13.3 Shields


You had 12 spell levels left.
You didn't know any spells.
Your spell library was empty.

Dungeon Overview and Level Annotations

Branches:
Dungeon (15/15)            Temple (0/1) D:4            Lair (0/6) D:9
    Orc (0/2) D:12         Vaults (0/5) D:13         Depths (0/5) D:15

Altars:
Cheibriados
Makhleb
Wu Jian
Yredelemnul
Beogh

Portals:
Trove: D:13 (give 17 scrolls of identify)


Innate Abilities, Weirdness & Mutations

You reflexively headbutt those who attack you in melee.
You have a pair of large horns on your head.
You passively map a small area around you.
You are resistant to electric shocks. (rElec)


Message History

You feel yourself slow down. The caustic shrike skeleton claws you!!
* * * LOW HITPOINT WARNING * * *
The orc warrior drinks a potion.
The orc warrior is healed!
You completely miss the vampire mage. Your headbutt misses the vampire mage.
The vampire mage is severely damaged.
You barely miss the orc warrior. You slash the orc simulacrum!
The orc simulacrum vapourises!
You hit the shadow dragon zombie.
You closely miss the spriggan berserker skeleton.
You closely miss the caustic shrike skeleton.
The caustic shrike skeleton barely misses you.
You furiously retaliate!
You headbutt the caustic shrike skeleton.
The vampire mage hits you but does no damage.
The vampire mage bites you but does no damage.
The shadow dragon zombie bites you but does no damage.
The shadow dragon zombie claws you but does no damage.
You block the shadow dragon zombie's attack.
The caustic shrike skeleton claws you!!
You die...

** #.....).) ,
.P.........# #.....).)
.8.8.......# #........ *
...........# #........ ,
...........## #........
....>P......########....
..8.....8...............
,...M..8.ยง..#
#.......... ...P..Z@o).#
#.......... P..P8.ZZV..#
#..........
...8..P)).####..........
*
.......88.......(....###
####......############
########


You could see a vampire mage (invisible), a guardian mummy, an orc warrior, a
shadow dragon zombie, a spriggan berserker skeleton and a caustic shrike
skeleton.

Vanquished Creatures
  A caustic shrike skeleton (D:15)
  Snorg (D:10)
  2 death knights
  2 centaur warriors
  2 two-headed ogres
  A shadow wraith (D:13)
  4 skeletal warriors
  2 unseen horrors (D:10)
  A glowing orange brain (shapeshifter) (D:13)
  A deep troll (D:13)
  2 phantasmal warriors
  A necromancer (D:15)
  An orc knight (D:15)
  8 ugly things
  3 cyclopes
  2 deep elf magi
  3 manticores
  A moth of wrath (shapeshifter) (D:13)
  2 gargoyles
  A spiny frog (shapeshifter) (D:15)
  An efreet (D:15)
  2 komodo dragons
  2 freezing wraiths (D:13)
  A tengu conjurer (D:15)
  A kobold demonologist (D:13)
  A troll (shapeshifter) (D:13)
  3 trolls
  4 slime creatures (D:14)
  Grinder (D:5)
  5 hippogriffs
  A shadow (D:9)
  A centaur simulacrum (D:15)
  2 wraiths (D:11)
  6 yaks (D:11)
  A vampire (D:15)
  2 wyverns
  A hungry ghost (D:15)
  3 vampire mosquitoes (D:14)
  2 acid dragons
  3 water moccasins
  3 sky beasts
  15 orc warriors
  4 black bears
  An ice beast (D:9)
  3 necrophages
  5 ogres
  An eye of draining (D:12)
  21 centaurs
  3 boggarts (D:14)
  2 phantoms
  A crocodile (D:13)
  2 big kobolds
  Blork the orc (D:5)
  A wyvern zombie (D:9)
  12 bullfrogs
  A gnoll sergeant (D:8)
  A water moccasin skeleton (D:8)
  3 scorpions
  8 wights
  2 vampire bats (D:14)
  9 crimson imps
  6 human zombies (D:11)
  5 centaur zombies
  8 orc priests
  A centaur skeleton (D:7)
  7 hounds
  10 jellies
  2 bullfrog skeletons
  6 iguanas
  15 orc wizards
  8 worker ants
  3 mummies (D:11)
  3 hound skeletons
  A howler monkey skeleton (D:11)
  12 gnolls
  9 adders
  6 shadow imps
  4 adder skeletons
  5 worms
  3 dart slugs
  4 leopard geckos
  73 orcs
  3 giant cockroaches
  8 goblins
  7 hobgoblins
  4 jackals
  3 quokkas
  3 ball pythons
  20 bats
  7 frilled lizards
  15 kobolds
  A quokka skeleton (D:9)
  8 rats
  4 fungi (D:9)
  A plant (D:9)
458 creatures vanquished.

Vanquished Creatures (others)
  A goblin (D:1)
  3 fungi (D:9)
  A withered plant (D:15)
5 creatures vanquished.

Grand Total: 463 creatures vanquished

Notes
Turn   | Place    | Note
-------+----------+-------------------------------------------
     0 | D:1      | shmeve the Minotaur Berserker began the quest for the Orb.
     0 | D:1      | Reached XP level 1. HP: 19/19 MP: 0/0
   335 | D:1      | Reached XP level 2. HP: 27/27 MP: 1/1
   678 | D:1      | Reached ** piety under Trog
   737 | D:1      | Reached XP level 3. HP: 32/33 MP: 2/2
  2075 | D:3      | Reached skill level 1 in Shields
  2158 | D:3      | Reached XP level 4. HP: 41/41 MP: 3/3
  2612 | D:3      | Found a burning altar of Makhleb.
  2614 | D:3      | Noticed a balrug
  2618 | D:3      | Noticed a ynoxinul
  2618 | D:3      | Noticed a smoke demon
  2932 | D:4      | Reached XP level 5. HP: 47/47 MP: 4/4
  3114 | D:4      | Reached *** piety under Trog
  3137 | D:4      | Reached skill level 1 in Throwing
  3219 | D:4      | Found a staircase to the Ecumenical Temple.
  3865 | D:4      | Reached XP level 6. HP: 52/53 MP: 5/5
  4107 | D:5      | Entered Level 5 of the Dungeon
  4144 | D:5      | Noticed a water moccasin
  4157 | D:5      | Killed a water moccasin
  4157 | D:5      | Reached skill level 5 in Fighting
  4157 | D:5      | Reached skill level 5 in Shields
  4370 | D:5      | Reached skill level 5 in Axes
  4495 | D:5      | Noticed Blork the orc
  4503 | D:5      | Killed Blork the orc
  4503 | D:5      | Reached XP level 7. HP: 61/61 MP: 6/6
  4749 | D:5      | Noticed Grinder
  4802 | D:5      | Killed Grinder
  4899 | D:5      | Reached XP level 8. HP: 70/70 MP: 7/7
  5010 | D:6      | Found a snail-covered altar of Cheibriados.
  5120 | D:6      | Paralysed by a crimson imp for 6 turns
  5887 | D:7      | Reached **** piety under Trog
  6158 | D:7      | Received a gift from Trog
  6163 | D:7      | Reached skill level 5 in Armour
  6238 | D:7      | Reached XP level 9. HP: 78/78 MP: 8/8
  6904 | D:8      | Reached skill level 5 in Dodging
  7475 | D:9      | Reached ***** piety under Trog
  7475 | D:9      | Reached XP level 10. HP: 89/89 MP: 9/9
  7484 | D:9      | Found a staircase to the Lair.
  8635 | D:10     | Entered Level 10 of the Dungeon
  8711 | D:10     | Noticed an unseen horror
  8725 | D:10     | Killed an unseen horror
  8725 | D:10     | Reached skill level 5 in Throwing
  8943 | D:10     | Noticed Snorg
  8962 | D:10     | Killed Snorg
  8962 | D:10     | Reached skill level 10 in Fighting
  8962 | D:10     | Reached skill level 10 in Shields
  9347 | D:10     | Reached skill level 10 in Axes
  9432 | D:10     | Noticed an unseen horror
  9454 | D:10     | Killed an unseen horror
  9454 | D:10     | Reached XP level 11. HP: 92/99 MP: 10/10
  9775 | D:11     | Noticed a deep elf mage
  9782 | D:11     | Killed a deep elf mage
  9816 | D:11     | Received a gift from Trog
 10003 | D:11     | Found a basalt altar of Yredelemnul.
 10149 | D:11     | Received a gift from Trog
 10521 | D:12     | Noticed a purple ugly thing
 10521 | D:12     | Noticed a deep elf mage
 10528 | D:12     | Killed a deep elf mage
 10538 | D:12     | Killed a purple ugly thing
 10560 | D:12     | Noticed a white ugly thing
 10572 | D:12     | Killed a white ugly thing
 10752 | D:12     | Found a roughly hewn altar of Beogh.
 10752 | D:12     | Found a staircase to the Orcish Mines.
 10777 | D:12     | Reached ****** piety under Trog
 10830 | D:12     | Received a gift from Trog
 10913 | D:12     | Noticed a red ugly thing
 10925 | D:12     | Killed a red ugly thing
 11121 | D:13     | Reached XP level 12. HP: 106/109 MP: 11/11
 11138 | D:13     | Received a gift from Trog
 11175 | D:13     | Found a portal to a secret trove of treasure.
 11186 | D:13     | Got a crude buckler
 11197 | D:13     | Identified the -2 buckler "Azintut" {rC+++ MR- Str+3
                  | Stlth+} (You found it on level 13 of the Dungeon)
 11343 | D:13     | Received a gift from Trog
 11367 | D:13     | Found a gate to the Vaults.
 11416 | D:13     | Upgraded the game from 0.22.0-49-gab54619 to
                  | 0.22.0-60-ga52c2fc
 11439 | D:13     | Found an ornate altar of the Wu Jian Council.
 11533 | D:13     | Noticed a death knight
 11545 | D:13     | Killed a death knight
 11864 | D:14     | Gained mutation: You have a pair of large horns on your
                  | head. [potion of mutation]
 11864 | D:14     | Gained mutation: You are resistant to electric shocks.
                  | (rElec) [potion of mutation]
 11864 | D:14     | Gained mutation: You passively map a small area around you.
                  | [potion of mutation]
 12152 | D:14     | Received a gift from Trog
 12452 | D:14     | Noticed a two-headed ogre
 12461 | D:14     | Killed a two-headed ogre
 12461 | D:14     | Reached XP level 13. HP: 119/119 MP: 12/12
 12478 | D:14     | Received a gift from Trog
 12776 | D:15     | Entered Level 15 of the Dungeon
 12827 | D:15     | HP: 2/119 [skeletal warrior/long sword[a death knight]
                  | (15)]
 13125 | D:15     | Found a staircase to the Depths.
 13148 | D:15     | Mangled by a caustic shrike skeleton

Skill      XL: |  1  2  3  4  5  6  7  8  9 10 11 12 13 |
---------------+----------------------------------------+-----
Fighting       | 4 5 6 7 8 10 11 12 13 | 13.3
Axes           | 4 5 6 7 8 10 11 12 13 | 13.3
Shields        | 1 3 4 5 6 7 8 10 11 12 13 | 13.3
Throwing       | 1 2 3 4 5 6 7 |  7.9
Armour         | 3 4 5 6 7 8 9 |  9.8
Dodging        | 3 4 5 6 7 8 9 |  9.0

Action                   |  1- 3 |  4- 6 |  7- 9 | 10-12 | 13-15 || total
-------------------------+-------+-------+-------+-------+-------++-------
Melee: Hand axe          |    84 |   138 |   116 |       |       ||   338
       Headbutt          |    13 |    25 |    64 |   153 |    28 ||   283
       War axe           |       |       |   195 |   606 |   133 ||   934
Throw: Throwing net      |       |       |       |     1 |       ||     1
       Tomahawk          |       |       |       |    38 |     7 ||    45
Invok: Berserk           |       |     2 |     2 |     6 |     2 ||    12
       Trog's Hand       |       |     2 |     1 |     1 |       ||     4
  Use: Scroll            |       |       |       |    15 |     1 ||    16
       Potion            |       |       |       |     8 |     1 ||     9
 Stab: Sleeping          |     1 |       |       |       |       ||     1
  Eat: Chunk             |     4 |     7 |     9 |    19 |     5 ||    44
       Ration            |       |     1 |     2 |     1 |       ||     4
Armor: Animal skin       |    19 |       |       |       |       ||    19
       Plate armour      |    25 |    75 |   151 |   282 |    89 ||   622
Dodge: Dodged            |    53 |    35 |   130 |   215 |    49 ||   482
Block: Shield            |       |    43 |   178 |   435 |   119 ||   775
